 Dungeon Crawl Stone Soup version 0.30.1-10-g1249ef9ec4 (webtiles) character file.

Game seed: 14687582370107924422

65 lonewolfV2 the Covered (level 3, -9/29 HPs)
             Began as a Demonspawn Fighter on Oct 26, 2023.
             Was a Follower of Dithmenos.
             Mangled by a gnoll
             ... wielding a +0 halberd
              (14 damage)
             ... on level 3 of the Dungeon.
             The game lasted 00:01:43 (1608 turns).

lonewolfV2 the Covered (Demonspawn Fighter)         Turns: 1608, Time: 00:01:44

Health: -9/29      AC:  6    Str: 18    XL:     3   Next: 94%
Magic:  4/4        EV: 10    Int:  9    God:    Dithmenos [*.....]
Gold:   150        SH:  4    Dex: 12    Spells: 2/2 levels left

rFire   . . .        a - +1 war axe
rCold   . . .        c - +0 buckler
rNeg    . . .        b - +0 scale mail
rPois   .            (no helmet)
rElec   .            (no cloak)
rCorr   .            (no gloves)
SInv    .            (no boots)
Will    .....        (no amulet) Stlth
                     (no ring)
HPRegen 0.24/turn    (no ring)
MPRegen 0.18/turn

%: no passive effects
@: weak-willed, wreathed by umbra
A: magic regeneration
a: Renounce Religion


You were on level 3 of the Dungeon.
You worshipped Dithmenos.
Dithmenos was aware of your devotion.
You visited 1 branch of the dungeon, and saw 3 of its levels.

You collected 150 gold pieces.

Inventory:

Hand Weapons
 a - a +1 war axe (weapon)
Armour
 b - a +0 scale mail (worn)
 c - a +0 buckler (worn)
Scrolls
 h - a scroll of amnesia
 i - a scroll of fog
 j - 2 scrolls of enchant weapon
Potions
 d - a potion of might
 g - 3 potions of heal wounds {unknown}
 k - a potion of lignification {unknown}
 l - a potion of degeneration {unknown}
 m - a potion of curing {unknown}


   Skills:
 - Level 3.0 Fighting
 - Level 1.7 Axes
 + Level 3.2 Armour
 * Level 2.3 Dodging
 - Level 2.6 Shields
 + Level 2.0 Invocations


You had 2 spell levels left.
You didn't know any spells.
Your spell library contained the following spells:

 Spells                   Type           Power      Damage    Failure   Level
 Blink                    Tloc           0%         N/A       94%         2
 Cigotuvi's Dreadful Rot  Necr/Pois/Air  0%         N/A       94%         2
 Ignite Poison            Fire/Tmut/Pois 0%         N/A       99%         3
 Manifold Assault         Tloc           0%         N/A       100%        4
 Freezing Cloud           Conj/Ice/Air   0%         6-21      100%        5
 Storm Form               Tmut/Air       0%         N/A       100%        7


Dungeon Overview and Level Annotations

Branches:
Dungeon (3/15)

Altars:
Dithmenos


Innate Abilities, Weirdness & Mutations

You regenerate magic rapidly.


Message History

A gnoll comes into view. It is wielding a +0 flail.
The gnoll shouts!
You see here a hobgoblin corpse.
A gnoll comes into view. It is wielding a +0 flail.
The gnoll shouts!
A gnoll comes into view. It is wielding a +0 halberd.
There are monsters nearby!
There are monsters nearby!
A gnoll comes into view. It is wielding a +0 club.
The gnoll shouts! x2
The gnoll moves out of view.
The gnoll hits you but does no damage.
You barely miss the gnoll. The gnoll closely misses you.
The gnoll hits you from afar with a +0 halberd.
You barely miss the gnoll. You block the gnoll's attack.
The gnoll barely misses you. x2
You slash the gnoll!
The gnoll is heavily wounded.
The gnoll barely misses you.
You hit the gnoll.
The gnoll is severely wounded.
You block the gnoll's attack. The gnoll hits you with a +0 flail.
The gnoll barely misses you.
The gnoll hits you from afar with a +0 halberd.
You slash the gnoll!
You kill the gnoll!
Dithmenos accepts your kill. The gnoll barely misses you.
Your Invocations skill increases to level 2!
The gnoll hits you with a +0 halberd!
You see here a +0 flail.
You hit the gnoll but do no damage. The gnoll hits you with a +0 halberd.
The gnoll misses you.
You hit the gnoll but do no damage. You block the gnoll's attack.
You slash the gnoll!
The gnoll is severely wounded.
The gnoll hits you with a +0 halberd.
* * * LOW HITPOINT WARNING * * *
The gnoll hits you with a +0 halberd!
You die...

...........#...#
...........#...#
...........#...#
...........#...#
...........#...# #
...........'...+ .#
...........#...# ..##.
.....†.....#..†###......
##.........#....@gg..#
#.........#.#####g#.#
#.........#.. ..
#.........### ...
#.........# ##.
#######...# ####


You could see 3 gnolls.

Vanquished Creatures
  A gnoll (D:3)
  An adder (D:2)
  6 worms (D:2)
  A bat (D:2)
  4 giant cockroaches
  3 goblins
  2 hobgoblins
  2 jackals (D:2)
  A quokka (D:1)
  3 frilled lizards
  2 kobolds (D:2)
  3 rats
29 creatures vanquished.

Notes
Turn   | Place    | Note
-------+----------+-------------------------------------------
     0 | D:1      | lonewolfV2 the Demonspawn Fighter began the quest for the
                  | Orb.
     0 | D:1      | Reached XP level 1. HP: 18/18 MP: 1/1
   149 | D:1      | Found a faded altar of an unknown god.
   174 | D:1      | Prayed at the altar of an unknown god.
   174 | D:1      | Became a worshipper of Dithmenos the Shadowed
   174 | D:1      | Reached * piety under Dithmenos
   545 | D:1      | Reached skill level 1 in Dodging
   556 | D:1      | Gained mutation: You regenerate magic rapidly. [demonic
                  | ancestry]
   556 | D:1      | Reached XP level 2. HP: 24/24 MP: 2/2
   744 | D:2      | Reached skill level 1 in Invocations
   834 | D:2      | Reached XP level 3. HP: 28/29 MP: 2/4
  1608 | D:3      | Mangled by a gnoll

Illustrated notes

Levels and vault maps discovered:
D:1:      psy_arrival_conway, layout_loops_ring, ebering_ecumenical_altar_webs
D:2:      layout_basic
D:3:      layout_basic, mainiacjoe_overflow_concentric_impassable, uniq_ijyb,
          uniq_natasha

Skill      XL: |  1  2  3 |
---------------+----------+-----
Dodging        | 1 2 |  2.3
Invocations    | 1 2 |  2.0
Armour         | 3 |  3.2
Fighting       | |  3.0
Axes           | |  1.7
Shields        | |  2.6

Action                     || total
---------------------------++-------
  Melee: War axe           ||   106
    Use: Scroll            ||     6
 Armour: Scale mail        ||    36
  Dodge: Dodged            ||    59
  Block: Buckler           ||    24
